AoeStats
← len´s_goth

Arabia

510405729Analyzed
1v1 RM · 1d ago on Sep 30, 2026· 45m 40s· 2 players
Game mode
Random Map
Map size
Tiny (2 player)
Population
200
Speed
Normal
Resources
Standard
Victory
Conquest
Starting age
Dark Age
Ending age
Imperial Age
RankedLock teamsTeams togetherTeam positionsShared explorationLock speedFull tech treeHidden civsTurbo modeCheats
Victory
Defeat
🇲🇽 Mongols · Mexico
1081
+15
🇹🇼 Spanish · Taiwan
1064
-15
ryanlee0512
7:27 Loom
10:07 Feudal Age
16:21 Double-Bit Axe
17:27 Fletching
17:27 Horse Collar
18:22 Padded Archer Armor
20:30 Forging
24:00 Castle Age
23:33 Wheelbarrow
24:33 Stone Mining
24:34 Gold Mining
24:45 Bodkin Arrow
24:23 Pikeman
25:41 Leather Archer Armor
27:15 Bow Saw
33:39 Imperial Age
32:17 Heavy Plow
34:47 Conscription
len´s_goth
4:38 Loom
8:29 Feudal Age
8:22 Loom
20:14 Castle Age
22:56 Husbandry
25:07 Bloodlines
26:40 Town Watch
26:53 Double-Bit Axe
27:39 Gold Mining
28:23 Fletching
28:48 Forging
28:47 Scale Barding Armor
31:31 Thumb Ring
32:39 Bodkin Arrow
33:03 Padded Archer Armor
34:16 Ballistics
36:22 Wheelbarrow
36:55 Town Patrol
38:03 Forging
41:48 Imperial Age
39:35 Hand Cart
43:11 Bracer
Connection lost

Rejoining the realm…

Still unreachable

The connection could not be restored.

Session expired

The server has moved on; the page needs a fresh start.